← All builds
Front / Cortex / Economy first / OBSERVED BUILD

Standard front

Cortex Front build order · Supreme Isthmus

Standard economy-first Front play: Bot Lab immediately, Advanced Metal Extractor around 9:23, then a mixed Thug/Grunt/Aggravator army sent up to defend the wider gap and move to middle as a line.

#eco #team support · 445 distinct matches · 138 players · 65% of Cortex Front games · team won 50% of 462 · Recently observed

HOW TO PLAY IT

Key timing: Bot Lab by 0:40

  1. Open 2 mex into early Bot Lab.
  2. Finish Bot Lab and start Thug, Grunt, Aggravator mix.
  3. Send first units to coast to stop leaks, not straight to mid.
  4. Transition into Advanced Metal Extractor as eco scales.
  5. Move units up as a line toward middle to hold the wider gap.

Phase by phase

TYPICAL OF ITS 445 GAMES
  1. 1
  2. 2
  3. 3
PLAY THE OPENING

Follow the example game's first 6:00 step by step: what to build now, what comes next, and where it goes. At 1× it keeps pace with your own game.

  1. 1

    Up to the Bot Lab

    Economy
    • Metal Extractor2Mex
    Order
    1. Bot LabBot Lab after 2 mexdone ~0:40, middle half 0:34–0:46

    Some games also: wind (41%)

    By 0:23 in all: 2 mex

    The example game in this phase · 2 steps
    1. Mex ×2
    2. Bot LabBot Labdone 0:34 · typical 0:40
  2. 2

    Bot Lab to 5:00

    Economy
    • Metal Extractor4Mex
    • Wind Turbine4Wind
    Builders
    • Construction Bot3 Con bot
    • Graverobber2 Graverobber
    Army
    • Guard2 Guard
    • Thug9 Thug
    • Aggravator5 Aggravator
    • Grunt4 Grunt

    Some games also: con turret (45%) · Radar Tower (35%)

    By 5:00 in all: 6 mex · 5 wind

    The example game in this phase · 28 steps
    1. Wind
    2. GruntGrunt
    3. GraverobberGraverobber
    4. Wind ×2
    5. Construction BotCon bot
    6. GruntGrunt ×2
    7. Construction BotCon bot
    8. ThugThug
    9. GruntGrunt ×2
    10. ThugThug ×2
    11. Mex
    12. Construction BotCon bot
    13. GuardGuard
    14. AggravatorAggravator ×2
    15. GuardGuard
    16. Mex
    17. ThugThug ×2
    18. GuardGuard
    19. ThugThug
    20. AggravatorAggravator ×2
    21. Mex
    22. ThugThug ×3
    23. Mex
    24. AggravatorAggravator ×2
    25. ThugThug ×2
    26. Con turret
    27. ThugThug
    28. AggravatorAggravator
  3. 3

    5:00 to 10:00

    Economy
    • Metal Extractor1Mex
    • Wind Turbine17Wind
    Builders
    • Construction Turret2 Con turret
    • Graverobber2 Graverobber
    • Construction Bot1 Con bot
    Army
    • Guard1 Guard
    • Grunt8 Grunt
    • Thug4 Thug
    • Aggravator1 Aggravator

    Some games also: Radar Tower (43%) · converter (36%) · energy storage (36%) · Twin Guard (33%) · eat Bot Lab (37%)

    By 10:00 in all: 7 mex · 24 wind · 3 con turret

    The example game in this phase · 89 steps
    1. Wind
    2. AggravatorAggravator
    3. Wind
    4. GraverobberGraverobber
    5. Wind
    6. Bot LabBot Labdone 5:59
    7. GraverobberGraverobber
    8. Wind ×2
    9. ThugThug ×3
    10. AggravatorAggravator
    11. ThugThug
    12. AggravatorAggravator
    13. ThugThug
    14. Wind
    15. ThugThug
    16. WardenWarden
    17. Construction BotCon bot
    18. ThugThug
    19. Wind
    20. Construction BotCon bot
    21. ThugThug
    22. Wind
    23. ThugThug
    24. ThistleThistle
    25. Con turret
    26. GuardGuard
    27. ThugThug
    28. Wind
    29. ThugThug
    30. Wind
    31. Advanced Metal ExtractorT2 mexdone 9:01 · typical 9:24
    32. ThugThug
    33. GuardGuard
    34. ThugThug
    35. Bot LabEat Bot Labreclaimed for its metal
    36. Wind
    37. GuardGuard
    38. ThugThug
    39. Advanced Metal ExtractorT2 mex
    40. ThugThug
    41. Wind
    42. ThugThug ×2
    43. Wind
    44. Advanced Metal ExtractorT2 mex
    45. Wind
    46. ThugThug
    47. JellyfishJellyfish
    48. Wind
    49. ThugThug ×2
    50. Advanced Metal ExtractorT2 mex
    51. Mex
    52. Radar TowerRadar Tower
    53. Wind ×2
    54. Pit BullPit Bull
    55. Wind ×2
    56. Con turret
    57. Solar
    58. Con turret
    59. Bot LabBot Labdone 13:01
    60. Wind ×8
    61. GruntGrunt
    62. Wind ×2
    63. GruntGrunt
    64. Con turret
    65. Wind ×4
    66. GruntGrunt
    67. Wind
    68. GruntGrunt
    69. Wind
    70. Advanced Metal ExtractorT2 mex
    71. Wind
    72. GruntGrunt
    73. Wind
    74. GruntGrunt
    75. Wind
    76. GruntGrunt
    77. Wind
    78. Fusion ReactorFusionnot finished by 15:00
    79. Wind
    80. GruntGrunt
    81. Wind
    82. GruntGrunt
    83. Wind
    84. GruntGrunt
    85. Wind
    86. GruntGrunt
    87. Wind
    88. GruntGrunt
    89. Wind

Counts are medians over the build's games: half of them build more, half fewer. The example game is Flerpz's (31 OS, 05/10/2026); pick another.

Team trades

IN AT LEAST 30% OF ITS GAMES

You hand over

Nothing regular.

You get

  • Tidal Generator4 Tidal from Pondfirst at 0:17 · in 64% of games
  • Advanced Construction Bot1 T2 con bot from Geo or Techfirst at 7:46 · in 62% of games

How it plays out

Typical game of this build, running totals by minute

Metal produced

010k20k30k
0:005:0010:0015:00

metal

Enemy metal destroyed

02.5k5k7.5k
0:005:0010:0015:00

metal

Own metal lost

05k10k
0:005:0010:0015:00

metal

462 games.

Show as table
ByMetal produced: This buildEnemy metal destroyed: This buildOwn metal lost: This build
1:0033100
2:0085400
3:00162510186
4:002704386341
5:003848916838
6:00509915851559
7:00638823642474
8:00771130943385
9:00914237694271
10:001074145005077
11:001262251885987
12:001450856906925
13:001681462067650
14:001896966488566
15:002060472399349
WHAT THE NUMBERS SAY

Standard front play wins less than half its games, with losses slightly outpacing kills through the first 15 minutes.

  • + Kills reach 7200 by 15:00 despite the safer starting position.
  • + T2 constructor reached in 85% of games, solid tech follow-through.
  • − Team wins under half of games (45%), the weakest shown here.
  • − Own metal lost (9484) exceeds enemy metal destroyed (7200) by 15:00.
THE EXAMPLE YOU ARE READING

Flerpz

31.1 OS · 05/10/2026

Open source match ↗

4 received units · includes a constructor
62 metal received · 73269 energy received

Allied construction assistance is unknown. Timings are observations, not a promise of solo reproducibility.

Typical milestones

Bot Lab0:40Middle 50%: 0:34–0:46 · n=449
Advanced Metal Extractor9:24Middle 50%: 8:19–10:45 · n=340

Played most by

iLike2Eco31games of this buildTheGeneraI27games of this buildSauceDispenser27games of this buildwatermeloans19games of this buildHummell15games of this build